 Dungeon Crawl Stone Soup version 0.30-a0-1123-gabc949cf19 (webtiles) character file.

Game seed: 8517555793174634133

31732 Pooter the Severer (level 13, -1/116 HPs)
             Began as a Minotaur Monk on Apr 22, 2023.
             Was an Elder of Okawaru.
             Slain by a skyshark (9 damage)
             ... on level 5 of the Lair of Beasts on Apr 23, 2023.
             The game lasted 01:48:31 (21615 turns).

Pooter the Severer (Minotaur Monk)                 Turns: 21615, Time: 01:48:31

Health: -1/116     AC: 14    Str: 20    XL:     13   Next: 27%
Magic:  0/17       EV:  6    Int:  7    God:    Okawaru [****..]
Gold:   333        SH:  0    Dex: 20    Spells: 9/12 levels left

rFire   + + +        a - +3 battleaxe (flame)
rCold   + + .        (shield currently unavailable)
rNeg    . . .        P - -3 gold dragon scales
rPois   +            (helmet restricted)
rElec   .            X - scarf {rC+ rF+}
rCorr   .            R - +0 pair of gloves
SInv    .            d - +0 pair of boots
Will    .....        G - amulet of guardian spirit Stlth
                     u - +6 ring of dexterity
HPRegen 0.39/turn    F - ring of protection from fire
MPRegen 0.15/turn

%: guardian spirit
@: heroic, studying Short Blades
A: horns 2, retaliatory headbutt
a: Renounce Religion, Heroism, Finesse


You were on level 5 of the Lair of Beasts.
You worshipped Okawaru.
Okawaru was greatly pleased with you.
You visited 4 branches of the dungeon, and saw 18 of its levels.
You also visited: Bailey.

You collected 1294 gold pieces.
You spent 961 gold pieces at shops.

Inventory:

Hand Weapons
 a - a +3 battleaxe of flaming (weapon)
   (You took it off an orc warrior in a bailey)
 b - a +2 arbalest
   (You found it on level 7 of the Dungeon)
 p - a +0 trident
   (You bought it in a shop on level 2 of the Dungeon)
 L - a +3 morningstar of freezing
   (You took it off a wight on level 9 of the Dungeon)
Missiles
 g - 11 atropa-tipped darts
 h - 2 boomerangs of dispersal {!f}
 s - 16 boomerangs
 A - 5 datura-tipped darts
 C - 28 poisoned darts
 I - 19 curare-tipped darts (quivered)
 Q - 136 stones
Armour
 d - a +0 pair of boots (worn)
   (You found it on level 11 of the Dungeon)
 J - a +4 chain mail of willpower
   (You took it off an orc warrior on level 8 of the Dungeon)
 P - -3 gold dragon scales (worn)
   (You bought it in a shop on level 4 of the Dungeon)
 R - a +0 pair of gloves (worn)
   (You found it on level 1 of the Lair of Beasts)
 X - a scarf of resistance (worn)
   (You found it on level 4 of the Lair of Beasts)
Jewellery
 u - a +6 ring of dexterity (left hand)
   (You found it on level 3 of the Dungeon)
 F - a ring of protection from fire (right hand)
   (You found it on level 7 of the Dungeon)
 G - an amulet of guardian spirit (around neck)
   (You found it on level 1 of the Dungeon)
 W - a ring of wizardry
   (You took it off an orc wizard on level 9 of the Dungeon)
Wands
 f - a wand of flame (4)
   (You found it on level 2 of the Lair of Beasts)
 n - a wand of charming (9)
   (You found it on level 3 of the Dungeon)
 H - a wand of roots (14)
   (You found it on level 8 of the Dungeon)
 K - a wand of light (9)
   (You took it off an orc warrior on level 8 of the Dungeon)
 M - a wand of mindburst (7)
   (You found it on level 10 of the Dungeon)
 U - a wand of polymorph (6)
   (You found it on level 4 of the Lair of Beasts)
Scrolls
 j - a scroll of vulnerability {!r}
 l - 9 scrolls of fear
 r - 3 scrolls of immolation {!r}
 t - 7 scrolls of teleportation {@r4}
 v - 2 scrolls of poison {!r}
 y - 3 scrolls of noise {!r}
 D - 4 scrolls of fog
 N - 2 scrolls of magic mapping
Potions
 c - 3 potions of ambrosia
 e - 3 potions of curing {@q1}
 k - 2 potions of flight
 m - 5 potions of brilliance
 o - 5 potions of attraction {!q}
 q - a potion of resistance
 w - 4 potions of heal wounds {@q2}
 x - 2 potions of lignification {!q}
 z - a potion of haste {@q3}
 B - 2 potions of mutation {!q}
 E - a potion of magic
 O - 2 potions of might
 S - 2 potions of invisibility
 T - a potion of berserk rage {unknown}
 Y - a potion of cancellation
Miscellaneous
 V - a phial of floods
   (You found it on level 4 of the Lair of Beasts)


   Skills:
 + Level 11.5(16.5) Fighting
 * Level 15.4(20.5) Axes
 - Level 1.9(15.2) Polearms
 * Level 13.4(18.4) Ranged Weapons
 - Level 3.2(8.2) Dodging
 - Level 2.9(7.9) Stealth
 - Level 1.7 Translocations
 + Level 7.6 Invocations
 + Level 6.3 Evocations


You had 9 spell levels left.
You knew the following spells:

 Your Spells              Type           Power      Damage    Failure   Level
b - Blink                 Tloc           4%         N/A       100%        2
c - Apportation           Tloc           4%         N/A       100%        1

Your spell library contained the following spells:

 Spells                   Type           Power      Damage    Failure   Level
 Beastly Appendage        Tmut           0%         N/A       100%        1
 Wereblood                Tmut           0%         N/A       100%        2
 Gell's Gravitas          Tloc           2%         N/A       100%        3
 Hailstorm                Conj/Ice       0%         3d3       100%        3
 Spider Form              Tmut/Pois      0%         N/A       100%        3
 Teleport Other           Tloc           2%         N/A       100%        3
 Vhi's Electric Charge    Tloc/Air       2%         N/A       100%        3
 Ice Form                 Ice/Tmut       0%         N/A       100%        4
 Manifold Assault         Tloc           2%         N/A       100%        4
 Alistair's Intoxication  Tmut/Pois      0%         N/A       100%        5
 Arcjolt                  Conj/Air       0%         1d10      100%        5
 Dispersal                Tloc           1%         N/A       100%        6
 Storm Form               Tmut/Air       0%         N/A       100%        7
 Maxwell's Capacitive Co  Air            0%         ∞         100%        8
 Simulacrum               Ice/Necr       Unusable   N/A       N/A         6

Dungeon Overview and Level Annotations

Branches:
Dungeon (11/15)            Temple (1/1) D:6            Lair (5/5) D:11
  Swamp (0/4) Lair:3       Spider (0/4) Lair:3          Orc (1/2) D:9
 Bailey (visited)
  Slime: Lair:4-5

Altars:
Cheibriados
Dithmenos
Elyvilon
Fedhas
Gozag
Hepliaklqana
Kikubaaqudgha
Makhleb
Nemelex Xobeh
Okawaru
Qazlal
Ru
Trog
Uskayaw
Wu Jian
Xom
Yredelemnul
Zin

Shops:
D:2 (   D:4 *

Annotations:
D:6 2 runed translucent doors, Crazy Yiuf; superbruh's ghost, novice GrMo
D:8 3 runed translucent doors, superbruh's ghost, novice GnCK
D:9 4 runed translucent doors
D:10 3 runed translucent doors, 4 transporters, GilGalad's ghost, novice DESu


Innate Abilities, Weirdness & Mutations

You have a pair of horns on your head.
You reflexively headbutt those who attack you in melee.


Message History

* * * LOW HITPOINT WARNING * * *
The skyshark tail-slaps you but does no damage.
You gain the combat prowess of a mighty hero.
* * * LOW MAGIC WARNING * * *
The skyshark bites you but does no damage.
The skyshark tail-slaps you but does no damage. x2
You barely miss the skyshark. You headbutt the skyshark.
The skyshark bites you but does no damage.
The skyshark barely misses you. The skyshark tail-slaps you.
* * * LOW MAGIC WARNING * * *
* * * LOW HITPOINT WARNING * * *
Aim: a fungus The roots erupt in riotous growth!
Roots grab the fungus.
Roots grab the skyshark.
The grasping roots constrict the skyshark!
The grasping roots constrict the fungus!
The fungus begins to die.
You hear a loud, deep croak!
The skyshark bites you.
* * * LOW HITPOINT WARNING * * *
The skyshark completely misses you.
The skyshark tail-slaps you but does no damage.
The skyshark bites you!!
* * * LOW MAGIC WARNING * * *
* * * LOW HITPOINT WARNING * * *
The skyshark tail-slaps you!
* * * LOW MAGIC WARNING * * *
* * * LOW HITPOINT WARNING * * *
The skyshark closely misses you.
You completely miss the skyshark. You headbutt the skyshark!
The grasping roots constrict the skyshark.
The grasping roots constrict the fungus.
The skyshark bites you.
* * * LOW HITPOINT WARNING * * *
The skyshark tail-slaps you but does no damage. x2
You hit the skyshark. You burn the skyshark. You headbutt the skyshark.
The grasping roots constrict the skyshark.
The grasping roots constrict the fungus!
The roots release their grip on the skyshark.
The skyshark barely misses you. The skyshark tail-slaps you!
* * * LOW MAGIC WARNING * * *
* * * LOW HITPOINT WARNING * * *
The skyshark tail-slaps you.
* * * LOW MAGIC WARNING * * *
* * * LOW HITPOINT WARNING * * *
You hit the skyshark. You burn the skyshark.
The grasping roots constrict the fungus!
The skyshark bites you!
* * * LOW MAGIC WARNING * * *
You die...

### ## .
#P.###..##
#...##.......#
#.....@.#
#....P.l.#
P..#.#..P# P
#. ....# ..
...... ..
........ .
.........
..(........


You could see a skyshark (berserk).

Vanquished Creatures
  3 hydras
  A boulder beetle (Lair:3)
  3 death yaks
  A skyshark (Lair:4)
  A bog body (Lair:4)
  2 ugly things (D:11)
  3 elephants (Lair:3)
  A will-o-the-wisp (Lair:3)
  A manticore (D:8)
  An ice statue (Lair:4)
  3 black mambas
  11 cane toads
  5 komodo dragons
  5 rime drakes
  An ice devil (Lair:4)
  2 trolls
  3 polar bears
  A meliai (Lair:3)
  6 blink frogs
  A dire elephant simulacrum (Lair:4)
  32 yaks
  A vampire (D:11)
  4 wyverns
  A wraith (D:11)
  A steam dragon (Lair:2)
  2 basilisks
  7 wargs
  An acid dragon (D:11)
  7 water moccasins
  Duvessa (D:6)
  11 orc warriors
  3 ice beasts
  3 centaurs
  11 wolves
  2 phantoms
  8 kobold brigands
  Blork the orc (D:5)
  13 bullfrogs
  A gnoll sergeant (D:7)
  2 two-headed ogre simulacra (Lair:4)
  A scorpion (D:7)
  5 wights (D:9)
  Dowan (D:6)
  An elephant simulacrum (Lair:4)
  18 killer bees
  3 howler monkeys
  2 electric eels (D:10)
  3 jellies
  5 hounds
  3 gnoll boudas
  9 orc priests
  A sleepcap (D:4)
  3 iguanas
  12 orc wizards
  2 wolf simulacra (Lair:4)
  18 gnolls
  A river rat (D:6)
  6 adders
  A shadow imp (D:7)
  3 white imps
  2 worms
  30 orcs
  7 endoplasms
  9 goblins
  5 hobgoblins
  8 jackals (D:2)
  19 kobolds
  6 quokkas
  5 ball pythons
  4 bats
  6 frilled lizards
  6 rats
372 creatures vanquished.

Vanquished Creatures (collateral kills)
  An orc (D:6)
1 creature vanquished.

Vanquished Creatures (others)
  6 foxfires (Lair:3)
  31 fungi
  94 plants
131 creatures vanquished.

Grand Total: 504 creatures vanquished

Notes
Turn   | Place    | Note
-------+----------+-------------------------------------------
     0 | D:1      | Pooter the Minotaur Monk began the quest for the Orb.
     0 | D:1      | Reached XP level 1. HP: 19/19 MP: 0/0
   213 | D:1      | Reached XP level 2. HP: 27/27 MP: 1/1
   355 | D:1      | Reached skill level 4 in Axes
   628 | D:2      | Reached skill level 1 in Stealth
   752 | D:2      | Reached XP level 3. HP: 15/33 MP: 2/2
   886 | D:2      | Found a faded altar of an unknown god.
  1011 | D:2      | Found Carotzis's Weapon Boutique.
  1019 | D:2      | Bought a +0 trident for 35 gold pieces
  1474 | D:3      | Reached XP level 4. HP: 40/40 MP: 3/3
  1496 | D:3      | Noticed a bullfrog
  1532 | D:3      | Killed a bullfrog
  1533 | D:3      | Reached skill level 1 in Polearms
  1533 | D:3      | Reached XP level 5. HP: 47/47 MP: 4/4
  1723 | D:2      | Bought 4 boomerangs for 80 gold pieces
  2219 | D:4      | Reached skill level 5 in Axes
  2305 | D:4      | Found Xeudaisk's Lightly-Used Armoury.
  2313 | D:4      | Bought a -3 longbow for 1 gold piece
  2439 | D:4      | Reached skill level 1 in Ranged Weapons
  2439 | D:4      | Reached XP level 6. HP: 49/55 MP: 5/5
  2677 | D:5      | Entered Level 5 of the Dungeon
  2861 | D:5      | Reached skill level 5 in Fighting
  2959 | D:5      | Reached skill level 6 in Axes
  3220 | D:5      | Reached XP level 7. HP: 61/61 MP: 6/6
  3303 | D:5      | Noticed Blork the orc
  3307 | D:5      | Killed Blork the orc
  3515 | D:5      | Reached skill level 7 in Axes
  3955 | D:6      | Reached XP level 8. HP: 57/70 MP: 7/7
  3964 | D:6      | Reached skill level 5 in Ranged Weapons
  4167 | D:6      | Reached skill level 8 in Axes
  4463 | D:6      | Found a staircase to the Ecumenical Temple.
  4463 | D:6      | Noticed Duvessa
  4465 | D:6      | Noticed Dowan
  4473 | Temple   | Entered the Ecumenical Temple
  4520 | Temple   | Became a worshipper of Warmaster Okawaru
  4520 | Temple   | Reached * piety under Okawaru
  4520 | Temple   | Reached ** piety under Okawaru
  4537 | D:6      | Killed Dowan
  4551 | D:6      | Killed Duvessa
  4587 | D:6      | Upgraded the game from 0.30-a0-1116-gebefce21f7 to
                  | 0.30-a0-1123-gabc949cf19
  4642 | D:6      | Reached skill level 9 in Axes
  4877 | D:6      | Found a runed translucent door.
  4913 | D:6      | Found a runed translucent door.
  4914 | D:6      | Noticed Crazy Yiuf
  4940 | D:6      | Noticed superbruh's ghost (novice GrMo)
  5108 | D:7      | Learned a level 1 spell: Apportation
  5111 | D:7      | Learned a level 2 spell: Blink
  5237 | D:7      | Reached XP level 9. HP: 79/79 MP: 5/8
  5294 | D:7      | Found a shadowy altar of Dithmenos.
  5365 | D:7      | Reached skill level 1 in Invocations
  5368 | D:7      | Reached skill level 1 in Translocations
  5501 | D:7      | Reached skill level 10 in Axes
  6763 | D:8      | Found a runed translucent gate.
  6763 | D:8      | Found a runed translucent gate.
  6763 | D:8      | Noticed a nine-headed hydra
  7050 | D:8      | Found a runed translucent gate.
  7052 | D:8      | Noticed superbruh's ghost (novice GnCK)
  7052 | D:8      | Noticed an 11-headed hydra
  7270 | D:9      | Reached XP level 10. HP: 75/88 MP: 8/11
  7380 | D:9      | Reached skill level 1 in Evocations
  7416 | D:9      | Found a flagged portal.
  7427 | Bailey   | Entered a bailey
  7630 | Bailey   | Reached skill level 11 in Axes
  7764 | Bailey   | Found an iron altar of Okawaru.
  8020 | D:9      | Found a staircase to the Orcish Mines.
  8302 | D:9      | Found a runed translucent door.
  8307 | D:9      | Found a runed translucent door.
  8355 | D:9      | Found a runed translucent door.
  8401 | D:9      | Found a runed translucent door.
  8726 | D:9      | Found an opulent altar of Gozag.
  8782 | D:9      | Found a burning altar of Makhleb.
  8997 | D:10     | Entered Level 10 of the Dungeon
  9019 | D:10     | Found a runed translucent gate.
  9019 | D:10     | Found a runed translucent gate.
  9020 | D:10     | Found a runed translucent gate.
  9030 | D:10     | Found a transporter.
  9066 | D:10     | Noticed GilGalad's ghost (novice DESu)
  9443 | D:10     | Reached skill level 12 in Axes
 10097 | D:10     | Found a transporter.
 10199 | D:10     | Found a transporter.
 10251 | D:10     | Found a transporter.
 10454 | Orc:1    | Entered Level 1 of the Orcish Mines
 10586 | D:9      | Reached skill level 10 in Ranged Weapons
 10594 | Orc:1    | Noticed an orc sorcerer
 10819 | D:11     | Noticed a cyan ugly thing
 10829 | D:11     | Killed a cyan ugly thing
 10830 | D:11     | Reached XP level 11. HP: 82/97 MP: 9/13
 11088 | D:4      | Bought -3 gold dragon scales for 845 gold pieces
 12134 | D:11     | Noticed a white ugly thing
 12142 | D:11     | Killed a white ugly thing
 12346 | D:11     | Found a staircase to the Lair.
 12481 | D:11     | Reached skill level 5 in Invocations
 12787 | Lair:1   | Entered Level 1 of the Lair of Beasts
 13283 | Lair:1   | Reached skill level 13 in Axes
 13782 | Lair:2   | Reached skill level 10 in Fighting
 14227 | Lair:2   | Noticed a death yak
 14227 | Lair:2   | Noticed a death yak
 14227 | Lair:2   | Noticed a death yak
 14232 | Lair:2   | Noticed a death yak
 14235 | Lair:2   | Noticed a death yak
 14235 | Lair:2   | Noticed a death yak
 14247 | Lair:1   | Killed a death yak
 14568 | Lair:1   | Reached *** piety under Okawaru
 14950 | Lair:2   | Reached XP level 12. HP: 95/106 MP: 15/15
 16128 | Lair:1   | Killed a death yak
 16205 | Lair:1   | HP: 4/107 [death yak (10)]
 17132 | Lair:3   | Noticed a seven-headed hydra
 17139 | Lair:3   | Killed a four-headed hydra
 17269 | Lair:3   | Found a staircase to the Swamp.
 17473 | Lair:3   | Reached skill level 14 in Axes
 17478 | Lair:3   | Reached skill level 5 in Evocations
 17571 | Lair:3   | Noticed a six-headed hydra
 17577 | Lair:3   | Killed a five-headed hydra
 17760 | Lair:3   | Noticed a boulder beetle
 17782 | Lair:3   | Killed a boulder beetle
 17884 | Lair:3   | Received a gift from Okawaru
 17959 | Lair:3   | Found a hole to the Spider Nest.
 18017 | Lair:3   | Reached **** piety under Okawaru
 19663 | Lair:4   | Reached skill level 15 in Axes
 19738 | Lair:4   | Reached XP level 13. HP: 41/116 MP: 6/17
 21118 | Lair:5   | Entered Level 5 of the Lair of Beasts
 21615 | Lair:5   | Slain by a skyshark

Illustrated notes

Levels and vault maps discovered:
D:1:      evilmike_arrival_rings, layout_rooms
D:2:      layout_basic, ebering_ecumenical_altar_hall, serial_shops, shop
D:3:      layout_loops_ring, minmay_misc_feat_alley, minmay_puff
D:4:      layout_rooms, minmay_shop_damaged
D:5:      layout_loops_corners, mrwooster_statue_mirror, uniq_blork_the_orc
D:6:      layout_rooms, minmay_temple_entry_proselytizer,
          ebering_ghost_reflecting_pool, minmay_manual_monolith,
          uniq_crazy_yiuf_cottage, uniq_duvessa
D:7:      layout_basic, nicolae_dithmenos_the_darkroom
D:8:      layout_cave_pools, gammafunk_ghost_hydra_chop
D:9:      layout_layer_cave, bloody_makhleb, lemuel_tele_altar,
          minmay_orc_entry_guard_dogs, enter_bailey_5,
          minmay_statue_crystal_thing
D:10:     layout_basic, gammafunk_ghost_icy, minivault_24,
          nicolae_transporter_intersection
D:11:     layout_basic, erik_lair_orcish_takeover
Temple:   compressed_dpeg_triangle_lava_temple
Lair:1:   layout_big_grid, beast_lair_carwin_1, lemuel_fruit_fields,
          lemuel_fruit_tree, grunt_megastairs_4
Lair:2:   layout_loops_ring, st_stairs_6, chequers_serial_rivers_small_a,
          grunt_megastairs_2
Lair:3:   layout_regular_city, minmay_swamp_entry_wisps,
          hellmonk_spider_entry_not_the_bees, dreamdust_mushroom_princess,
          hibernation_bobbens
Lair:4:   dreamdust_isle_of_ice, layout_regular_city, serial_bayou_shore_b,
          infiniplex_staircase_pool_2
Lair:5:   minmay_lair_end_frog_pond, layout_layer_cave,
          dpeg_slime_entry_enclosed, uniq_nessos
Orc:1:    layout_diamond_mine, serial_shops, shop

Skill      XL: |  1  2  3  4  5  6  7  8  9 10 11 12 13 |
---------------+----------------------------------------+-----
Axes           | 4 5 6 7 9 10 12 13 15 | 15.4
Stealth        | 1 2 |  2.9
Fighting       | 4 5 6 7 8 9 10 11 | 11.5
Polearms       | 1 |  1.9
Ranged Weapons | 1 3 4 6 8 10 11 13 | 13.4
Invocations    | 2 4 6 7 |  7.6
Translocations | 1 |  1.7
Evocations     | 3 4 5 6 |  6.3
Dodging        | |  3.2

Action                     |  1- 3 |  4- 6 |  7- 9 | 10-12 | 13-15 || total
---------------------------+-------+-------+-------+-------+-------++-------
  Melee: Hand axe          |    71 |       |       |       |       ||    71
         Headbutt          |     9 |     8 |    33 |    73 |    19 ||   142
         Punch             |     1 |     1 |     1 |       |       ||     3
         Trident           |    25 |    11 |       |       |       ||    36
         War axe           |       |    57 |   151 |       |       ||   208
         Battleaxe         |       |       |    20 |   367 |    67 ||   454
   Fire: Longbow           |       |    38 |    42 |       |       ||    80
         Arbalest          |       |       |    50 |   135 |    38 ||   223
  Throw: Stone             |    21 |     8 |       |       |       ||    29
         Dart              |     1 |     2 |     4 |    11 |     9 ||    27
         Boomerang         |       |    11 |       |     9 |       ||    20
 Invoke: Heroism           |       |       |    16 |    40 |     4 ||    60
         Finesse           |       |       |       |     1 |       ||     1
  Evoke: Wand              |       |       |    29 |     7 |     1 ||    37
    Use: Scroll            |     8 |     3 |     7 |    13 |     1 ||    32
         Potion            |       |     1 |     1 |     3 |     1 ||     6
   Stab: Betrayed ally     |       |       |     1 |       |       ||     1
         Sleeping          |       |       |     1 |       |       ||     1
         Distracted        |       |       |       |     1 |       ||     1
 Armour: Scale mail        |    31 |    20 |    19 |       |       ||    70
         Skin              |       |    12 |       |       |       ||    12
         Ring mail         |       |       |    38 |       |       ||    38
         Chain mail        |       |       |     7 |    51 |       ||    58
         Gold dragon scale |       |       |       |   191 |    41 ||   232
  Dodge: Dodged            |    50 |    30 |   129 |   134 |    18 ||   361

Table legend: (Time is in decaauts)
 A = Elapsed time spent in this place.
 B = Non-inter-level travel time spent in this place.
 C = Inter-level travel time spent in this place.
 D = Time resting spent in this place.
 E = Time spent auto-exploring this place.
 F = Levels seen in this place.
 G = Mean time per level.
                   A        B        C        D        E       F      G
               +--------+--------+--------+--------+--------+-----+--------+
         Total |  21840 |  20991 |    849 |   8249 |   9474 |  19 | 1149.5 |
       Dungeon |  12454 |  11729 |    725 |   3563 |   6158 |  11 | 1132.2 |
        Temple |     60 |     48 |     12 |      0 |     33 |   1 |   60.0 |
          Lair |   8864 |   8754 |    110 |   4449 |   3233 |   5 | 1772.8 |
  Orcish Mines |     11 |     11 |      0 |      0 |      0 |   1 |   11.0 |
        Bailey |    448 |    448 |      0 |    237 |     48 |   1 |  448.0 |
               +--------+--------+--------+--------+--------+-----+--------+

Top non-repeatable levels by time:
  Lair:2: 2444 daAuts
  Lair:4: 2234 daAuts
    D:10: 1950 daAuts
  Lair:3: 1944 daAuts
  Lair:1: 1905 daAuts
     D:9: 1787 daAuts
     D:7: 1483 daAuts
    D:11: 1275 daAuts
     D:6: 1233 daAuts
     D:5: 1201 daAuts
     D:3: 973 daAuts
     D:8: 744 daAuts
     D:2: 684 daAuts
     D:1: 598 daAuts
     D:4: 522 daAuts
